 Dungeon Crawl Stone Soup version 0.23.2-40-g277498a001 (webtiles) character file.

Game seed: 7161348817205947044

51 FishyPogo the Grasshopper (level 4, 0/30 HPs)
             Began as a Halfling Warper on Aug 23, 2019.
             Slain by Natasha (5 damage)
             ... on level 2 of the Dungeon.
             The game lasted 00:04:47 (1260 turns).

FishyPogo the Grasshopper (Halfling Warper)         Turns: 1260, Time: 00:04:48

Health: 0/30       AC:  3    Str: 11 (12) XL:     4   Next: 7%
Magic:  6/6        EV: 14    Int: 13 (16) God:
Gold:   73         SH:  0    Dex: 12 (14) Spells: 6/6 levels left

rFire    . . .     SeeInvis .   a - +0 falchion
rCold    . . .     Gourm    .   (shield restricted)
rNeg     . . .     Faith    .   n - +0 leather armour
rPois    .         Spirit   .   (no helmet)
rElec    .         Reflect  .   (no cloak)
rCorr    .         Harm     .   (no gloves)
MR       .....                  (no boots)
Stlth    +.........             (no amulet)
HPRegen  0.10/turn              (no ring)
MPRegen  0.10/turn              (no ring)

@: brilliant, very slightly contaminated, invisible
A: small, mutation resistance 1
a: no special abilities


You were on level 2 of the Dungeon.
You were not hungry.

You visited 1 branch of the dungeon, and saw 2 of its levels.

You collected 73 gold pieces.

Inventory:

Hand Weapons
 a - a +0 falchion (weapon)
 b - a +0 hunting sling
Missiles
 e - 5 tomahawks of dispersal
 g - 10 stones (quivered)
Armour
 n - a +0 leather armour (worn)
Jewellery
 p - an uncursed ring of resist corrosion {unknown}
Scrolls
 d - a scroll of blinking
 h - 2 scrolls of identify {unknown}
 k - a scroll of enchant weapon {unknown}
 l - a scroll of amnesia {unknown}
Potions
 c - a potion of heal wounds {unknown}
 i - a potion of brilliance
 j - a potion of curing {unknown}
 m - a potion of invisibility
 o - 3 potions of degeneration
Comestibles
 f - 3 rations


   Skills:
 * Level 2.3 Fighting
 + Level 2.2 Long Blades
 * Level 0.8(1.6) Slings
 + Level 1.4 Throwing
 * Level 2.1 Armour
 + Level 2.5 Dodging
 + Level 1.8 Spellcasting
   Level 3.2 Translocations


You had 6 spell levels left.
You didn't know any spells.
Your spell library contained the following spells:

 Spells                   Type           Power        Failure   Level  Hunger
 Blink                    Tloc           N/A          1%          2    ###....
 Shroud of Golubria       Chrm/Tloc      ##........   3%          2    ###....
 Gell's Gravitas          Tloc           ###.......   3%          3    ####...
 Lesser Beckoning         Tloc           ###.......   3%          3    ####...
 Teleport Other           Tloc           ###.....     3%          3    ####...
 Passage of Golubria      Tloc           N/A          10%         4    #####..


Dungeon Overview and Level Annotations

Branches:
Dungeon (2/15)

Altars:

Annotations:
D:2 Natasha


Innate Abilities, Weirdness & Mutations

You are small and have problems with some larger weapons.
You are somewhat resistant to further mutation.


Message History

It was a potion of invisibility.
You fade into invisibility!
The crimson imp completely misses you. The crimson imp closely misses you.
You riposte.
You hit the crimson imp but do no damage.
Natasha claws you.
* * * LOW HITPOINT WARNING * * *
You are very lightly contaminated with residual magic.
Press: ? - help, v - describe, . - travel
Here: Natasha (lightly wounded)
The floor.
It was a potion of degeneration.
There was something very wrong with that liquid.
You feel weakened.
You feel dopey.
You feel clumsy.
The crimson imp grins evilly.
The crimson imp completely misses you. The crimson imp misses you.
You riposte.
You hit the crimson imp.
The crimson imp is lightly wounded.
Natasha claws you.
You die...

....# #.# ....# #............#.#
### ....# #(...(......?#.# #..
.)..#######............#.######..
.......................#.........
..................(..# #######...
.....................### #...
........................ #...
................@5...... #...
..............รท.5h....(. #...
........................ ##..
........................ ###
###.................(...
..#.....................
#.#.....................
#.#.................>..(
#.#############........


You could see Natasha and 2 crimson imps.

Vanquished Creatures
  3 adders (D:2)
  A worm (D:2)
  A dart slug (D:1)
  2 ball pythons (D:2)
  3 bats
  4 giant cockroaches
  2 hobgoblins (D:1)
  3 frilled lizards
  A goblin (D:1)
  2 kobolds
22 creatures vanquished.

Notes
Turn   | Place    | Note
-------+----------+-------------------------------------------
     0 | D:1      | FishyPogo the Halfling Warper began the quest for the Orb.
     0 | D:1      | Reached XP level 1. HP: 14/14 MP: 3/3
   369 | D:1      | Reached XP level 2. HP: 16/19 MP: 4/4
   785 | D:2      | Reached XP level 3. HP: 12/24 MP: 5/5
  1225 | D:2      | Reached XP level 4. HP: 30/30 MP: 6/6
  1248 | D:2      | Noticed Natasha
  1260 | D:2      | Slain by Natasha

Skill      XL: |  1  2  3 |
---------------+----------+-----
Fighting       | 2 |  2.3
Armour         | 2 |  2.1
Long Blades    | |  2.2
Slings         | |  0.8
Throwing       | |  1.4
Dodging        | |  2.5
Spellcasting   | |  1.8
Translocations | |  3.2

Action                   |  1- 3 |  4- 6 || total
-------------------------+-------+-------++-------
Melee: Falchion          |    60 |     3 ||    63
 Fire: Hunting sling     |    20 |    11 ||    31
Throw: Stone             |    10 |       ||    10
  Use: Potion            |       |     3 ||     3
 Stab: Sleeping          |     1 |       ||     1
  Eat: Chunk             |       |     1 ||     1
Armor: Leather armour    |    19 |     1 ||    20
Dodge: Dodged            |    59 |     9 ||    68
       Rpst.: Falchion   |    21 |     2 ||    23
